 Dungeon Crawl Stone Soup version 0.23-a0-622-g59b4ea9 (webtiles) character file.

152 Leeroy the Slasher (level 5, -9/40 HPs)
             Began as a Barachi Skald on Dec 23, 2018.
             Was an Initiate of Okawaru.
             Engulfed by a cloud of flame (12 damage)
             ... on level 3 of the Dungeon.
             The game lasted 00:10:30 (1718 turns).

Leeroy the Slasher (Barachi Skald)                  Turns: 1718, Time: 00:10:32

Health: -9/40      AC:  7    Str: 12    XL:     5   Next: 34%
Magic:  8/8        EV: 11    Int: 15    God:    Okawaru [......]
Gold:   103        SH:  0    Dex: 11    Spells: 3/9 levels left

rFire    . . .     SeeInvis .   a - +1 falchion
rCold    . . .     Gourm    .   (no shield)
rNeg     . . .     Faith    .   p - +0 ring mail
rPois    .         Spirit   .   (no helmet)
rElec    .         Reflect  .   (no cloak)
rCorr    .         Harm     .   (no gloves)
MR       .....                  i - +1 pair of boots
Stlth    ..........             (no amulet)
HPRegen  0.13/turn              (no ring)
MPRegen  0.11/turn              (no ring)

@: confused, can't hop, slow
A: +LOS, swims, slowness 1, strong legs 1
a: Hop, Renounce Religion


You were on level 3 of the Dungeon.
You worshipped Okawaru.
Okawaru was noncommittal.
You were not hungry.

You visited 1 branch of the dungeon, and saw 3 of its levels.

You collected 103 gold pieces.

Inventory:

Hand Weapons
 a - a +1 falchion (weapon)
 e - a +0 dagger
 g - a +0 short sword
 h - a +0 hunting sling
 y - a +0 short sword
 A - a cursed +0 hand axe
 F - a +0 flail
 I - a +0 hunting sling
Missiles
 j - 62 arrows
 k - 130 stones (quivered)
 t - 5 needles of sleeping
 x - 16 poisoned needles
 E - 5 tomahawks
Armour
 b - a +0 leather armour
 i - a +1 pair of boots (worn)
 m - a +0 scale mail
 p - a +0 ring mail (worn)
 B - a cursed +0 leather armour
Jewellery
 v - an uncursed ring of positive energy {unknown}
Wands
 u - a wand of iceblast (9)
Scrolls
 f - a scroll of identify {unknown}
 s - a scroll of blinking {unknown}
 w - 3 scrolls of immolation
 G - a scroll of teleportation {unknown}
 H - a scroll of fog {unknown}
Potions
 n - a potion of brilliance {unknown}
 o - a potion of mutation {unknown}
 q - a potion of degeneration {unknown}
 r - a potion of agility {unknown}
 z - a potion of lignification
 D - a potion of haste
Comestibles
 d - 5 rations
 C - 2 chunks of flesh


   Skills:
 + Level 2.9 Fighting
 * Level 5.0 Long Blades
 + Level 2.0 Armour
 + Level 2.7 Dodging
 + Level 0.1 Stealth
 + Level 2.6 Spellcasting
 + Level 3.6 Charms


You had 3 spell levels left.
You knew the following spells:

 Your Spells              Type           Power        Failure   Level  Hunger
a - Infusion              Chrm           ##..         11%         1    #......
b - Shroud of Golubria    Chrm/Tloc      #.........   32%         2    ###....
c - Spectral Weapon       Hex/Chrm       #.......     54%         3    ###....

Your spell library contained the following spells:

 Spells                   Type           Power        Failure   Level  Hunger
 Song of Slaying          Chrm           ##......     16%         2    ###....
 Regeneration             Chrm/Necr      #.........   54%         3    ###....


Dungeon Overview and Level Annotations

Branches:
Dungeon (3/15)

Altars:
Ashenzari
Fedhas
Gozag
Hepliaklqana
Nemelex Xobeh
Okawaru
Ru
Uskayaw
Wu Jian
Yredelemnul
Zin
The Shining One


Innate Abilities, Weirdness & Mutations

Shadows flee at your approach. (+LOS)
You can swim through water.
You cover ground slowly.
You can hop short distances.


Message History

You slash the orc!
The orc explodes!
The fiery explosion engulfs the bat.
The bat explodes!
The fiery explosion engulfs the worm.
The worm explodes!
Okawaru accepts your kill.
Your Armour skill increases to level 2!
The fiery explosion engulfs the orc wizard.
The orc wizard explodes!
The fiery explosion engulfs the orc.
The orc explodes!
Okawaru accepts your kill. x2
Your Long Blades skill increases to level 5!
Okawaru accepts your kill. The fiery explosion engulfs you!
* * * LOW HITPOINT WARNING * * *
Okawaru accepts your kill.
You are engulfed in blazing flames.
You die...

.....# #.#...######. .....#
#......(..... .....#
#.....####### .....# #.....#
###### #.....####### #.##
#............ ..#
#))).........
#######.###÷##.........
#...§.@..##.##......... #
#.###§##.##.##......... #.
#..§§§##.##.##.........
####'###§#§§##..#.##.........
.........%§§# #.#.##.........
........†..## #...##.........
%...:..)%### ###..##.........
......%.)# #...>##.........
......%..# #.##.##.........


There were no monsters in sight!

Vanquished Creatures
  An orc priest (D:3)
  Jessica (D:3)
  An orc wizard (D:3)
  2 adders (D:3)
  An ooze (D:1)
  A worm (D:3)
  A dart slug (D:2)
  A leopard gecko (D:1)
  7 orcs
  5 bats
  3 goblins
  6 hobgoblins
  2 jackals (D:1)
  3 kobolds
  A frilled lizard (D:1)
  3 rats
39 creatures vanquished.

Notes
Turn   | Place    | Note
-------+----------+-------------------------------------------
     0 | D:1      | Leeroy the Barachi Skald began the quest for the Orb.
     0 | D:1      | Reached XP level 1. HP: 17/17 MP: 3/3
    92 | D:1      | Reached XP level 2. HP: 12/23 MP: 5/5
   310 | D:1      | Learned a level 2 spell: Shroud of Golubria
   769 | D:2      | Reached skill level 3 in Long Blades
   769 | D:2      | Reached XP level 3. HP: 28/28 MP: 6/6
   774 | D:2      | Learned a level 3 spell: Spectral Weapon
   824 | D:2      | Found an opulent altar of Gozag.
   840 | D:2      | Found an iron altar of Okawaru.
   840 | D:2      | Found a hide-covered altar of Uskayaw.
   840 | D:2      | Found an ornate altar of the Wu Jian Council.
   841 | D:2      | Found a hazy altar of Hepliaklqana.
   841 | D:2      | Found a blossoming altar of Fedhas.
   845 | D:2      | Found a glowing silver altar of Zin.
   845 | D:2      | Found a glowing golden altar of the Shining One.
   846 | D:2      | Found a sacrificial altar of Ru.
   886 | D:2      | Became a worshipper of Warmaster Okawaru
   892 | D:2      | Found a sparkling altar of Nemelex Xobeh.
   946 | D:2      | Found a shattered altar of Ashenzari.
  1381 | D:3      | Found a basalt altar of Yredelemnul.
  1384 | D:3      | Noticed Jessica
  1407 | D:3      | Killed Jessica
  1407 | D:3      | Reached XP level 4. HP: 21/34 MP: 5/7
  1481 | D:3      | Reached skill level 4 in Long Blades
  1616 | D:3      | Reached XP level 5. HP: 18/40 MP: 8/8
  1708 | D:3      | HP: 2/40 [something (1)]
  1718 | D:3      | Reached skill level 5 in Long Blades
  1718 | D:3      | Engulfed by a cloud of flame

Vault maps used:
D:1:      grunt_arrival_lava_bath
D:2:      grunt_gozag_statues, grunt_temple_overflow_open, lemuel_round_altar,
          grunt_decor_arrowhead, ashenzari_altar_1
D:3:      yredelemnul_altar_generic, uniq_jessica

Skill      XL: |  1  2  3  4  5 |
---------------+----------------+-----
Long Blades    | 3 4 5 |  5.0
Armour         | 2 |  2.0
Fighting       | |  2.9
Dodging        | |  2.7
Stealth        | |  0.1
Spellcasting   | |  2.6
Charms         | |  3.6

Action                   |  1- 3 |  4- 6 || total
-------------------------+-------+-------++-------
Melee: Falchion          |    74 |    49 ||   123
Throw: Stone             |     5 |     5 ||    10
 Cast: Infusion          |     2 |       ||     2
       Spectral Weapon   |     1 |       ||     1
       Shroud of Golubri |       |     2 ||     2
 Abil: Hop               |       |     1 ||     1
  Use: Scroll            |       |     3 ||     3
       Potion            |       |     4 ||     4
  Eat: Chunk             |     1 |     3 ||     4
Armor: Leather armour    |    13 |       ||    13
       Ring mail         |    20 |    52 ||    72
Dodge: Dodged            |    43 |    48 ||    91
       Rpst.: Falchion   |    15 |    15 ||    30

Table legend:
 A = Non-vault XP
 B = Vault XP
 C = Vault XP percentage of total XP
 D = Non-vault monster count
 E = Vault monster count
 F = Vault count percentage of total count
                 A         B        C        D         E       F
            +---------+---------+-------+---------+---------+-------
      Total |     181 |      37 |  17.0 |      38 |       1 |   2.6
            +---------+---------+-------+---------+---------+-------
        D:1 |      33 |       0 |   0.0 |      15 |       0 |   0.0
        D:2 |      12 |       0 |   0.0 |       5 |       0 |   0.0
        D:3 |     136 |      37 |  21.4 |      18 |       1 |   5.3
            +---------+---------+-------+---------+---------+-------
